 Dungeon Crawl Stone Soup version 0.17.1-1-g73c8601 (webtiles) character file.

1705 Implojin the Grappler (level 8, -14/74 HPs)
             Began as a Troll Fighter on Apr 4, 2016.
             Was an Initiate of Okawaru.
             Killed from afar by zxpr0jk's ghost (37 damage)
             ... with a bolt of negative energy
             ... on level 7 of the Dungeon.
             The game lasted 00:08:41 (1432 turns).

Implojin the Grappler (Troll Fighter)               Turns: 1432, Time: 00:08:41

Health: -14/74     AC: 11    Str: 30    XL:     8   Next: 73%
Magic:  7/7        EV:  6    Int:  4    God:    Okawaru [......]
Gold:   121        SH:  9    Dex: 11    Spells: 0 memorised, 7 levels left

rFire  + . .     SeeInvis .       - Unarmed
rCold  + . .     Clarity  .     w - +2 robe {rC+}
rNeg   . . .     SustAt   .     b - +1 shield
rPois  .         Gourm    +     (helmet restricted)
rElec  .         Spirit   .     u - +3 cloak of the Cockatrice {+Inv MR+}
rCorr  .         Warding  .     (gloves unavailable)
rMut   .         Stasis   .     (boots unavailable)
MR     +....                    r - amulet of faith
Stlth  +.........               (no ring)
                                a - ring of protection from fire

@: mighty, heavily drained, somewhat resistant to hostile enchantments, very
unstealthy
A: unfitting armour, claws 3, fast metabolism 3, gourmand, regeneration 2,
shaggy fur 1, tough skin 2
a: Renounce Religion, Evoke Invisibility


You were on level 7 of the Dungeon.
You worshipped Okawaru.
Okawaru was noncommittal.
You were hungry.

You visited 2 branches of the dungeon, and saw 9 of its levels.

You collected 121 gold pieces.

Inventory:

Missiles
 t - 4 tomahawks (quivered)
Armour
 b - a +1 shield (worn)
 u - the +3 cloak of the Cockatrice (worn) {+Inv MR+}
   (You found it on level 6 of the Dungeon)

   It affects your resistance to hostile enchantments.
   It lets you turn invisible.
 w - a +2 robe of cold resistance (worn)
Magical Staves
 z - an uncursed staff of cold {unknown}
Jewellery
 a - a ring of protection from fire (left claw)
 o - an uncursed ring of fire
 r - an amulet of faith (around neck)
Wands
 x - a wand of magic darts (26)
 A - a wand of frost (22)
Scrolls
 e - 3 scrolls of remove curse
 f - 6 scrolls of teleportation
 k - a scroll of enchant armour
 n - 2 scrolls of fear
 q - a scroll of enchant weapon
 y - a scroll of amnesia
Potions
 h - a potion of degeneration
 j - a potion of agility
 m - 6 potions of curing
 s - a potion of haste {unknown}
 v - 2 potions of mutation
Comestibles
 d - 3 bread rations
 g - 2 beef jerkies
 i - 2 fruits
 l - a meat ration
 p - a slice of pizza


   Skills:
 - Level 2.4(0.3) Fighting
 - Level 2.4(0.3) Dodging
 - Level 2.4(0.3) Shields
 * Level 11.2(8.5) Unarmed Combat


You had 7 spell levels left.
You didn't know any spells.

Dungeon Overview and Level Annotations

Branches:
Dungeon (8/15)             Temple (1/1) D:7
   Lair: D:8-11

Altars:
Ashenzari
Cheibriados
Dithmenos
Elyvilon
Fedhas
Gozag
Kikubaaqudgha
Makhleb
Okawaru
Qazlal
Ru
Vehumet
Zin
The Shining One

Annotations:
D:7 zxpr0jk's ghost, novice DrIE


Innate Abilities, Weirdness & Mutations

You are too large for most types of armour.
You have claws for hands.
Your metabolism is lightning-fast.
You like to eat raw meat.
You heal very quickly.
You are covered in fur (AC +1).
You have very tough skin (AC +2).


Message History

Zxpr0jk's ghost is severely damaged.
You miss zxpr0jk's ghost.
Zxpr0jk's ghost is severely damaged.
Zxpr0jk's ghost breathes negative energy at you.
The bolt of negative energy hits you!
You feel drained.
You barely miss zxpr0jk's ghost.
Zxpr0jk's ghost is severely damaged.
Zxpr0jk's ghost breathes negative energy at you.
The bolt of negative energy hits you!
You feel drained.
* * * LOW HITPOINT WARNING * * *
You miss zxpr0jk's ghost.
Zxpr0jk's ghost is severely damaged.
Zxpr0jk's ghost hits you but does no damage.
You scratch zxpr0jk's ghost but do no damage.
Zxpr0jk's ghost is severely damaged.
Zxpr0jk's ghost casts a spell at you.
You are frozen.
* * * LOW HITPOINT WARNING * * *
You claw zxpr0jk's ghost!
Zxpr0jk's ghost is severely damaged.
You block zxpr0jk's ghost's attack.
You miss zxpr0jk's ghost.
Zxpr0jk's ghost is severely damaged.
Zxpr0jk's ghost hits you but does no damage.
You closely miss zxpr0jk's ghost.
Zxpr0jk's ghost is severely damaged.
Zxpr0jk's ghost hits you.
* * * LOW HITPOINT WARNING * * *
You miss zxpr0jk's ghost.
Zxpr0jk's ghost is severely damaged.
Zxpr0jk's ghost closely misses you.
You closely miss zxpr0jk's ghost.
Zxpr0jk's ghost is severely damaged.
Unknown command.
You claw zxpr0jk's ghost!
Zxpr0jk's ghost is almost destroyed.
Zxpr0jk's ghost breathes negative energy at you.
The bolt of negative energy hits you!
You feel drained.
Ouch! That really hurt!
You die...

#.....#####.....## #
#.....#.........######
#.....................
#...........≈≈.≈≈.....
.##.........≈≈≈≈.≈≈≈≈...
..........≈≈≈≈≈≈.≈≈≈≈≈≈.
.........≈≈≈≈≈≈≈.≈≈≈≈≈≈≈
.........≈≈≈≈≈≈...≈≈≈≈≈≈
......W@.≈≈≈≈≈≈.>.≈≈≈≈≈≈
#.....##.≈≈≈≈≈≈...≈≈≈≈≈≈
####.. #..≈≈≈≈≈≈≈≈≈≈≈≈≈.
## #....≈≈≈≈≈≈≈≈≈...
#......≈≈≈≈≈.....
.................
.......##..##### ...####
#..


You could see zxpr0jk's ghost.

Vanquished Creatures
  Grinder (D:6)
  A hippogriff (D:7)
  Duvessa (D:6)
  An ice beast (D:6)
  4 giant frogs
  Dowan (D:6)
  3 killer bees
  5 wights
  3 crimson imps (D:7)
  A centaur zombie (D:6)
  An orc priest (D:6)
  2 centaur skeletons (D:7)
  A giant frog skeleton (D:6)
  A hound (D:5)
  2 orc wizards (D:6)
  3 worker ants
  An iguana (D:5)
  A hound skeleton (D:7)
  2 worker ant zombies (D:7)
  2 adders
  A worm (D:2)
  2 giant geckos
  5 orcs (D:6)
  4 bats
  3 giant cockroaches
  5 goblins
  4 hobgoblins
  A jackal (D:1)
  A ball python (D:1)
  3 giant newts
  8 kobolds
  2 quokkas
  2 rats
78 creatures vanquished.

Vanquished Creatures (others)
  A giant newt (D:5)
1 creature vanquished.

Grand Total: 79 creatures vanquished

Notes
Turn   | Place    | Note
--------------------------------------------------------------
     0 | D:1      | Implojin the Troll Fighter began the quest for the Orb.
     0 | D:1      | Reached XP level 1. HP: 22/22 MP: 0/0
    64 | D:1      | Reached XP level 2. HP: 29/29 MP: 1/1
    69 | D:1      | Reached skill level 3 in Unarmed Combat
   230 | D:2      | Reached XP level 3. HP: 34/36 MP: 2/2
   362 | D:5      | Entered Level 5 of the Dungeon
   367 | D:5      | Reached skill level 4 in Unarmed Combat
   369 | D:5      | Reached XP level 4. HP: 29/44 MP: 3/3
   384 | D:6      | Noticed an ice beast
   405 | D:6      | Killed an ice beast
   405 | D:6      | Reached skill level 5 in Unarmed Combat
   405 | D:6      | Reached XP level 5. HP: 50/50 MP: 4/4
   424 | D:6      | Noticed a giant frog
   438 | D:6      | Killed a giant frog
   438 | D:6      | Reached skill level 6 in Unarmed Combat
   440 | D:6      | Noticed Grinder
   441 | D:6      | Paralysed by Grinder for 3 turns
   449 | D:6      | Paralysed by Grinder for 4 turns
   462 | D:6      | Killed Grinder
   462 | D:6      | Reached skill level 7 in Unarmed Combat
   462 | D:6      | Reached XP level 6. HP: 24/59 MP: 5/5
   496 | D:6      | Reached XP level 7. HP: 19/66 MP: 6/6
   521 | D:6      | Reached skill level 8 in Unarmed Combat
   579 | D:6      | Noticed a water elemental
   581 | D:6      | Found a stormy altar of Qazlal.
   585 | D:6      | Noticed a fire elemental
   585 | D:6      | Noticed an air elemental
   656 | D:6      | Got a brightly glowing cloak
   683 | D:6      | Identified the +3 cloak of the Cockatrice {+Inv MR+} (You found it on level 6 of the Dungeon)
   698 | D:6      | Noticed a giant frog
   703 | D:6      | Killed a giant frog
   722 | D:6      | Reached skill level 9 in Unarmed Combat
   767 | D:7      | Noticed zxpr0jk's ghost (novice DrIE)
   794 | D:6      | Noticed Duvessa
   794 | D:6      | Noticed Dowan
   805 | D:6      | Killed Duvessa
   805 | D:6      | Reached XP level 8. HP: 31/74 MP: 7/7
   809 | D:6      | Killed Dowan
   915 | D:7      | Reached skill level 10 in Unarmed Combat
  1236 | D:7      | Reached skill level 11 in Unarmed Combat
  1319 | D:7      | Found a staircase to the Ecumenical Temple.
  1333 | Temple   | Entered the Ecumenical Temple
  1378 | Temple   | Became a worshipper of Warmaster Okawaru
  1432 | D:7      | Killed from afar by zxpr0jk's ghost

Action                   |  1- 3 |  4- 6 |  7- 9 || total
-------------------------+-------+-------+-------++-------
Melee: Unarmed           |   130 |    48 |   147 ||   325
  Use: Scroll            |       |     3 |     7 ||    10
       Potion            |       |       |     1 ||     1
  Eat: Chunk             |     4 |       |     6 ||    10

Table legend:
 A = Turns spent in this place as a percentage of turns spent in the entire game.
 B = Non-inter-level travel turns spent in this place as a percentage of non-inter-level travel turns spent in the entire game.
 C = Inter-level travel turns spent in this place as a percentage of turns spent in this place.
 D = Turns resting spent in this place as a percentage of non-inter-level travel turns spent in this place.
 E = Turns spent auto-exploring this place as a percentage of non-inter-level travel turns spent in this place.
 F = Non-inter-level travel turns spent in this place divided by the number of levels of this place that you've seen.
                   A       B       C       D       E      F
               +-------+-------+-------+-------+-------+----------------------
         Total | 100.0 | 100.0 |   0.0 |   0.0 |   0.0 | 157.2
       Dungeon |  95.6 |  95.6 |   0.0 |   0.0 |   0.0 | 169.1
        Temple |   4.4 |   4.4 |   0.0 |   0.0 |   0.0 |  62.0
               +-------+-------+-------+-------+-------+----------------------

Table legend:
 A = Kills in this place as a percentage of kills in entire the game.
 B = Kills by you in this place as a percentage of kills by you in the entire game.
 C = Kills by friends in this place as a percentage of kills by friends in the entire game.
 D = Other kills in this place as a percentage of other kills in the entire game.
 E = Experience gained in this place as a percentage of experience gained in the entire game.
 F = Experience gained in this place divided by the number of levels of this place that you have seen.
                   A       B       C       D       E      F
               +-------+-------+-------+-------+-------+----------------------
         Total | 100.0 | 100.0 |  -nan |  -nan | 100.0 | 270.7
       Dungeon | 100.0 | 100.0 |  -nan |  -nan | 100.0 | 304.5
               +-------+-------+-------+-------+-------+----------------------
